 Dungeon Crawl Stone Soup version 0.31-a0-1537-g69dc257577 (webtiles) character file.

Game seed: 5157564280781243280

237536 Lavandula the Stormcaller (level 19, -3/140 HPs)
             Began as a Human Air Elementalist on Dec 31, 2023.
             Was the Champion of Qazlal.
             Killed from afar by a salamander tyrant (26 damage)
             ... on level 4 of the Snake Pit on Jan 1, 2024.
             The game lasted 02:18:56 (49919 turns).

Lavandula the Stormcaller (Human Air Elementalist) Turns: 49919, Time: 02:18:57

Health: -3/140     AC: 16    Str:  6    XL:     19   Next: 69%
Magic:  20/33      EV: 35    Int: 23    God:    Qazlal [******]
Gold:   2062       SH: 17    Dex: 22    Spells: 6/38 levels left

rFire   + + .        d - +10 dagger of the Vaults {protect, Str-4 Int+5}
rCold   . . .        y - +3 buckler
rNeg    . . .        W - +2 robe {rC+}
rPois   +            m - +2 helmet
rElec   +            S - +2 cloak
rCorr   .            x - +2 pair of gloves
SInv    .            G - +2 pair of boots
Will    +....        Z - amulet of the acrobat
Stlth   +            A - ring of poison resistance
HPRegen 0.43/turn    R - ring of Uwaro {Fire rElec}
MPRegen 0.23/turn

%: repel missiles, acrobat
@: weakened, untranslocatable, protected from fire, acrobatic, studying Hexes
A: explore regen, agile 2, no potion heal 1
}: 1/15 runes: decaying
a: Renounce Religion, Upheaval, Elemental Force, Disaster Area


You were on level 4 of the Snake Pit.
You worshipped Qazlal.
Qazlal was exalted by your worship.
You visited 6 branches of the dungeon, and saw 31 of its levels.
You also visited: Sewer, Bailey and Ice Cave.

You collected 3882 gold pieces.
You spent 1820 gold pieces at shops.

Inventory:

Hand Weapons
 d - the +10 dagger of the Vaults (weapon) {protect, Str-4 Int+5}
   (You found it on level 3 of the Dungeon)

   Str-4:     It affects your strength (-4).
   Int+5:     It affects your intelligence (+5).
Missiles
 l - 3 throwing nets
Armour
 m - a +2 helmet (worn)
 x - a +2 pair of gloves (worn)
 y - a +3 buckler (worn)
 G - a +2 pair of boots (worn)
 S - a +2 cloak (worn)
 W - a +2 robe of cold resistance (worn)
Jewellery
 h - the ring of Polytheism {rCorr SInv}
   (You found it on level 13 of the Dungeon)

   [ring of see invisible]

   SInv:      It lets you see invisible.
   rCorr:     It protects you from acid and corrosion.
 A - a ring of poison resistance (left hand)
 D - a ring of wizardry
 J - a +5 ring of evasion
 R - the ring of Uwaro (right hand) {Fire rElec}
   (You found it in an ice cave)

   [ring of fire]

   Fire:      It enhances your fire magic.
   rF+:       It protects you from fire.
   rC-:       It makes you vulnerable to cold.
   rElec:     It insulates you from electricity.
 Z - an amulet of the acrobat (around neck)
Wands
 B - a wand of mindburst (14)
 F - a wand of paralysis (12)
 N - a wand of digging (13)
 Q - a wand of flame (56)
 U - a wand of roots (21)
 X - a wand of polymorph (20)
 Y - a wand of light (11)
Scrolls
 c - 2 scrolls of fear
 i - 4 scrolls of poison
 n - 3 scrolls of vulnerability
 u - 5 scrolls of immolation
 z - a scroll of teleportation
 C - 9 scrolls of enchant weapon
 E - 4 scrolls of revelation
 H - 2 scrolls of enchant armour
 I - 2 scrolls of torment
 M - 7 scrolls of fog
 P - 2 scrolls of amnesia
 V - 2 scrolls of brand weapon
Potions
 b - 6 potions of magic
 f - 4 potions of lignification
 g - 4 potions of curing
 j - 7 potions of attraction
 k - 2 potions of berserk rage
 o - 8 potions of invisibility
 p - 10 potions of mutation
 q - 4 potions of resistance
 t - 3 potions of might
 v - 4 potions of ambrosia
 w - 4 potions of brilliance
 K - 4 potions of haste
 O - 5 potions of enlightenment
Miscellaneous
 a - a tin of tremorstones (2/2)
 T - a box of beasts (inert)


   Skills:
 + Level 10.0 Fighting
 - Level 10.0 Short Blades
 + Level 11.4 Dodging
 - Level 2.0 Stealth
 - Level 4.0 Shields
 - Level 10.0 Spellcasting
 * Level 18.0 Conjurations
 + Level 19.1 Air Magic
 - Level 2.9 Earth Magic
 * Level 9.0 Invocations
 - Level 8.5 Evocations


You had 6 spell levels left.
You knew the following spells:

 Your Spells              Type           Power      Damage    Failure   Level
a - Shock                 Conj/Air       100%       1d9       0%          1
b - Static Discharge      Conj/Air       100%       3-8/arc   0%          2
c - Airstrike             Air            39%        2d(6-22)  1%          4
d - Swiftness             Air            79%        N/A       0%          3
e - Brom's Barrelling Bo  Conj/Erth      56%        2d7       1%          4
f - Conjure Ball Lightni  Conj/Air       38%        3x3d12    1%          6
g - Orb of Destruction    Conj           38%        9d11      4%          7
h - Freezing Cloud        Conj/Ice/Air   31%        6-21      1%          5

Your spell library contained the following spells:

 Spells                   Type           Power      Damage    Failure   Level
 Kiss of Death            Conj/Necr      100%       2d13      1%          1
 Cigotuvi's Dreadful Rot  Necr/Alch/Air  82%        N/A       1%          2
 Hailstorm                Conj/Ice       52%        3d10      1%          3
 Stone Arrow              Conj/Erth      100%       3d13      1%          3
 Summon Lightning Spire   Summ/Air       54%        N/A       1%          4
 Iskenderun's Battlesphe  Conj           76%        2d12      1%          5
 Sandblast                Erth           50%        2d12      2%          1
 Flame Wave               Conj/Fire      68%        2d15      2%          4
 Fireball                 Conj/Fire      34%        3d14      6%          5
 Passwall                 Erth           25%        N/A       8%          3
 Freeze                   Ice            44%        1d6       9%          1
 Necrotise                Necr           44%        1d6       9%          1
 Scorch                   Fire           34%        2d6       14%         2
 Bombard                  Conj/Erth      28%        9d5       19%         6
 Confusing Touch          Hex            11%        N/A       26%         3
 Frozen Ramparts          Ice            22%        1d4       26%         3
 Gell's Gravitas          Tloc           11%        N/A       26%         3
 Summon Ice Beast         Ice/Summ       11%        N/A       26%         3
 Teleport Other           Tloc           11%        N/A       26%         3
 Animate Armour           Summ/Erth      36%        N/A       43%         4
 Leda's Liquefaction      Alch/Erth      9%         N/A       43%         4
 Petrify                  Alch/Erth      18%        N/A       43%         4
 Lee's Rapid Deconstruct  Erth           12%        3d9*      58%         5
 Anguish                  Hex/Necr       5%         N/A       65%         4
 Animate Dead             Necr           11%        N/A       65%         4
 Cause Fear               Hex            5%         N/A       65%         4
 Dispel Undead            Necr           11%        3d9       65%         4
 Ignite Poison            Fire/Alch      17%        N/A       65%         4
 Martyr's Knell           Necr/Summ      11%        N/A       65%         4
 Summon Blazeheart Golem  Fire/Summ      17%        N/A       65%         4
 Metabolic Englaciation   Hex/Ice        5%         N/A       94%         5
 Death Channel            Necr           5%         N/A       100%        6
 Dispersal                Tloc           5%         N/A       100%        6
 Sculpt Simulacrum        Ice/Alch       5%         N/A       100%        6
 Summon Cactus Giant      Summ           5%         N/A       100%        6
 Spellforged Servitor     Conj/Summ      26%        N/A       88%         7
 Enfeeble                 Hex            5%         N/A       100%        7
 Haunt                    Necr/Summ      5%         N/A       100%        7
 Malign Gateway           Summ/Tloc      5%         N/A       100%        7
 Disjunction              Tloc           5%         N/A       100%        8
 Infestation              Necr           5%         N/A       100%        8
 Dragon's Call            Summ           5%         N/A       100%        9


Dungeon Overview and Level Annotations

Branches:
Dungeon (15/15)            Temple (1/1) D:6            Lair (5/5) D:9
  Swamp (4/4) Lair:2        Snake (4/4) Lair:3        Slime (0/5) Lair:4
    Orc (2/2) D:9             Elf (0/3) Orc:2        Vaults (0/5) D:14
 Depths (0/4) D:15          Sewer (visited)          Bailey (visited)
  IceCv (visited)

Altars:
Ashenzari
Cheibriados
Dithmenos
Elyvilon
Fedhas
Gozag
Hepliaklqana
Kikubaaqudgha
Makhleb
Nemelex Xobeh
Okawaru
Qazlal
Ru
Sif Muna
Trog
Uskayaw
Vehumet
Wu Jian
Xom
Yredelemnul
Zin
The Shining One

Shops:
D:1 (   D:11 (   D:14 *   D:15 :   Orc:1 **   Orc:2 (((   Snake:1 :[

Portals:
Trove: D:10 (give 2 scrolls of acquirement)

Annotations:
D:5 3 runed translucent doors, Mandevil's ghost, amateur GnSh
D:12 1 exclusion
Swamp:3 Roxanne
Swamp:4 2 transporters, Uwih's ghost, adept DrSh
Snake:4 Mlioglotl


Innate Abilities, Weirdness & Mutations

You regain HP and MP as you explore.
You are very agile. (Dex +8, Str/Int -2)
Potions are less effective at restoring your health.


Message History

Your naga warrior's corpse dissolves into shadows!
The naga warrior hits your air elemental with a +0 short sword!!
Your air elemental is destroyed!
Your air elemental disappears in a puff of smoke!
The salamander mystic casts a spell at you.
The lance of force misses your air elemental.
The lance of force is repelled.
The naga mage hits your fire elemental with a +0 flail!
Your water elemental closely misses the naga warrior.
The naga sharpshooter casts a spell.
Unknown command.
You swap places.
The anaconda hisses angrily.
Your air elemental completely misses the salamander mystic.
The anaconda grabs your naga warrior.
The anaconda bites your naga warrior but does no damage.
The anaconda constricts your naga warrior.
Your fire elemental hits the naga mage.
Your fire elemental burns the naga mage!
The naga mage resists.
Your air elemental closely misses the salamander mystic.
Your water elemental hits the naga warrior.
Your water elemental engulfs the naga warrior in water!
The naga warrior roars a battlecry!
The salamander mystic goes into a battle-frenzy!
The naga warrior spits poison at you. The splash of poison hits your naga.
Your naga is poisoned.
The salamander mystic points at the naga warrior and mumbles some strange words.
The naga warrior seems to speed up.
The anaconda bites your naga warrior!
The anaconda constricts your naga warrior.
The naga warrior is engulfed in a thunderstorm.
You kill the naga warrior!
Qazlal accepts your kill.
Your fire elemental closely misses the naga mage.
The salamander tyrant rends the earth beneath you!
The blast of magma engulfs you!! You partially resist.
Your resistance to physical damage fades away.
You feel protected from fire.
You die... #### ### ##.... #.# ###.°.... ##.# ##...○.... #..# #$.EN.E..⌠ #..# ##@ENS.N... .<.# #ESNE8N8N8.

.%)#.
#...☼☼§.NNN...
[..).
#....E§ENNN...
......#
#.......NS....
......#
#...#....8.8.8.
##....#
#S..##.........
###..## ....
#........⌠ ###
.. ##...⌠....


You could see a nagaraja (fast, strong), 2 naga warriors, 3 naga sharpshooters,
a salamander tyrant (strong), a salamander mystic (strong, ally target), a
salamander (strong), an anaconda (ally target), a naga ritualist (strong,
curare), a guardian serpent, a naga mage (fast, strong, ally target), a friendly
naga warrior (summoned, strong), a friendly anaconda (summoned, slow, anchored),
a friendly mana viper (summoned), a friendly earth elemental (summoned), 2
friendly water elementals, 2 friendly fire elementals, 2 friendly air elementals
and a friendly naga (summoned, strong, poisoned).

Vanquished Creatures
  Mara (Swamp:3)
  Nikola (Swamp:3)
  Asterion (Snake:4)
  Agnes (Snake:1)
  Aizul (Snake:4)
  3 fenstrider witches
  Donald (Swamp:3)
  2 nagarajas
  Louise (Snake:2)
  The ghost of vurker the Warrior, a journeyman DjAE of Makhleb (Lair:5)
  5 eleionomae
  8 bunyips
  2 shambling mangroves
  4 vault guards (D:14)
  23 hydras
  An ice dragon (IceCv)
  Fannar (Lair:1)
  3 rakshasas (D:15)
  3 salamander tyrants
  9 alligators
  6 centaur warriors
  A ghost crab (Swamp:3)
  An ogre mage (D:15)
  4 catoblepae
  9 death yaks
  4 two-headed ogres (D:15)
  A death knight (D:15)
  7 anacondas
  3 boulder beetles
  15 naga warriors
  An occultist (D:15)
  A spriggan berserker (Swamp:1)
  16 naga sharpshooters
  9 shock serpents
  2 skysharks
  A skeletal warrior (D:15)
  Amaemon (D:8)
  A salamander mystic (Snake:3)
  A flayed ghost (D:13)
  A naga ritualist (Snake:1)
  7 goliath frogs
  6 spriggan druids
  8 swamp dragons
  10 bog bodies
  Pikel (D:5)
  A phantasmal warrior (D:15)
  3 deep elf pyromancers
  7 mana vipers
  5 orc knights
  A necromancer (D:15)
  2 orc sorcerers
  10 cyclopes
  5 oklob plants
  5 will-o-the-wisps
  5 manticores
  10 elephants
  4 meliai
  18 salamanders
  23 ugly things
  3 kobold blastminers (Orc:2)
  2 centaur zombies (D:15)
  An ice statue (IceCv)
  30 black mambas
  17 naga magi
  A torpor snail (Lair:3)
  10 guardian serpents
  A gargoyle (D:11)
  11 cane toads
  An orange demon (D:8)
  A freezing wraith (D:15)
  2 kobold demonologists
  6 rime drakes
  An efreet (D:13)
  A tengu conjurer (D:15)
  9 komodo dragons
  Psyche (D:7)
  A bloated husk (Swamp:3)
  8 trolls
  A queen bee (D:13)
  11 hornets
  A polar bear (Lair:2)
  13 dream sheep
  Grinder (D:4)
  24 blink frogs
  8 tyrant leeches
  10 slime creatures
  10 spriggans
  3 water elementals (D:14)
  4 wraiths
  4 wyverns
  4 shadows
  6 vampires (D:12)
  6 basilisks
  21 fire bats (D:13)
  56 yaks
  A warg (Orc:2)
  5 vampire mosquitoes
  A redback simulacrum (D:15)
  16 swamp worms
  54 nagas
  3 acid dragons
  20 water moccasins
  51 orc warriors
  12 swamp drakes
  4 sky beasts
  A black bear (D:6)
  6 ogres
  4 boggarts (D:15)
  A lemure (D:5)
  18 centaurs
  A kobold brigand (D:7)
  A brain worm (Sewer)
  A gnoll sergeant (D:6)
  10 bullfrogs
  2 scorpions
  20 wights
  A troll zombie (Swamp:4)
  A water moccasin skeleton (D:5)
  28 killer bees
  4 lindwurm simulacra (IceCv)
  4 howler monkeys
  A troll skeleton (Swamp:4)
  5 electric eels (D:14)
  2 jellies
  2 bullfrog zombies (D:5)
  4 gnoll boudas
  2 komodo dragon simulacra (IceCv)
  5 hounds
  13 orc priests
  A sleepcap (D:6)
  3 iguanas
  10 orc wizards
  A boggart skeleton (D:15)
  A troll simulacrum (D:12)
  A polar bear simulacrum (D:12)
  A wolf simulacrum (D:12)
  Robin (D:3)
  19 gnolls
  A howler monkey zombie (D:5)
  7 acid dragon simulacra (IceCv)
  A river rat (Sewer)
  20 adders
  A naga simulacrum (D:12)
  3 white imps
  5 steam dragon simulacra (IceCv)
  2 ufetubi (D:5)
  An adder skeleton (D:5)
  5 dart slugs
  A ribbon worm (D:4)
  88 orcs
  73 bats
  6 endoplasms
  4 giant cockroaches
  25 goblins
  11 hobgoblins
  4 jackals (D:5)
  5 quokkas
  11 ball pythons
  7 frilled lizards
  11 kobolds
  15 rats
  A butterfly (Swamp:2)
1228 creatures vanquished.

Vanquished Creatures (collateral kills)
  A tentacled monstrosity (Swamp:4)
  3 nagarajas (Snake:4)
  Nessos (Lair:5)
  A catoblepas (Lair:5)
  4 anacondas (Snake:4)
  2 death yaks (Lair:5)
  A naga sharpshooter (Snake:4)
  A skyshark (Lair:3)
  An ugly thing (D:14)
  2 elephants (Lair:5)
  A kobold blastminer (Orc:2)
  An ice statue (IceCv)
  A black mamba (Lair:5)
  A naga mage (Snake:4)
  A komodo dragon (Lair:5)
  A yaktaur (D:14)
  A bloated husk (Swamp:4)
  4 yaks
  A vampire mosquito (D:12)
  5 nagas
  An orc warrior (Orc:2)
  An ice beast (shapeshifter) (D:14)
  A kobold brigand (D:9)
  A lindwurm simulacrum (IceCv)
  2 spriggan simulacra (D:12)
  2 naga simulacra (D:12)
  An acid dragon simulacrum (IceCv)
  A steam dragon simulacrum (IceCv)
  2 kobolds (D:9)
  13 ball lightnings
59 creatures vanquished.

Vanquished Creatures (others)
  An anaconda (Snake:4)
  An alligator (Swamp:3)
  A bog body (Swamp:3)
  2 bloated husks
  2 swamp worms
  684 ball lightnings
  A boulder (D:12)
  23 foxfires
715 creatures vanquished.

Grand Total: 2002 creatures vanquished

Notes
Turn   | Place    | Note
-------+----------+-------------------------------------------
     0 | D:1      | Lavandula the Human Air Elementalist began the quest for
                  | the Orb.
     0 | D:1      | Reached XP level 1. HP: 13/13 MP: 3/3
   175 | D:1      | Found Bifommuck's Antique Weapon Shoppe.
   201 | D:1      | Reached XP level 2. HP: 19/19 MP: 1/5
   336 | D:1      | Learned a level 2 spell: Static Discharge
   524 | D:1      | Reached XP level 3. HP: 24/24 MP: 2/7
  1412 | D:2      | Reached XP level 4. HP: 27/30 MP: 5/9
  1655 | D:1      | Learned a level 4 spell: Airstrike
  1905 | D:2      | Reached XP level 5. HP: 35/35 MP: 7/11
  2119 | D:2      | Reached skill level 5 in Spellcasting
  2639 | D:2      | Found a faded altar of an unknown god.
  2725 | D:3      | Identified the +10 dagger of the Vaults {protect, Str-4
                  | Int+5}
  2812 | D:3      | Identified the +5 rapier "Grim" {drain, Dex+4}
  2813 | D:3      | Noticed Robin
  2831 | D:3      | Killed Robin
  2832 | D:3      | Reached skill level 1 in Short Blades
  2944 | D:3      | Found a glowing drain.
  2953 | Sewer    | Entered a sewer
  2965 | Sewer    | Reached XP level 6. HP: 41/41 MP: 13/13
  3636 | D:3      | Upgraded the game from 0.31-a0-1529-g7bd419a0e5 to
                  | 0.31-a0-1537-g69dc257577
  3644 | D:3      | Reached XP level 7. HP: 22/46 MP: 7/14
  4234 | D:4      | Reached skill level 5 in Short Blades
  4548 | D:4      | Noticed a yak
  4625 | D:5      | Entered Level 5 of the Dungeon
  5020 | D:5      | Found a runed translucent gate.
  5020 | D:5      | Found a runed translucent gate.
  5020 | D:5      | Found a runed translucent gate.
  5023 | D:5      | Noticed Mandevil's ghost (amateur GnSh)
  5032 | D:5      | Identified the +2 sling of the Pill Bug {flame, *Slow
                  | +Blink Str+8 Int-2}
  5032 | D:5      | Identified the +2 leather armour of Dishonesty {rElec rPois
                  | Dex+4}
  5066 | D:5      | Noticed Pikel
  5324 | D:5      | Found a burning altar of Makhleb.
  5339 | D:5      | Reached XP level 8. HP: 35/52 MP: 6/17
  5364 | D:5      | Learned a level 3 spell: Swiftness
  5551 | D:5      | Found a sparkling altar of Nemelex Xobeh.
  5947 | D:4      | Noticed Grinder
  5950 | D:4      | Killed Grinder
  6042 | D:4      | Found a glowing silver altar of Zin.
  6158 | D:4      | Killed a yak
  6295 | D:4      | Found a blossoming altar of Fedhas.
  6569 | D:4      | Found a broken altar of Ashenzari.
  7009 | D:5      | Killed Pikel
  7010 | D:5      | Reached XP level 9. HP: 57/57 MP: 6/22
  7746 | D:6      | Reached skill level 10 in Spellcasting
  8571 | D:6      | Reached skill level 5 in Dodging
  8736 | D:6      | Found a staircase to the Ecumenical Temple.
  8834 | Temple   | Entered the Ecumenical Temple
  8847 | Temple   | Became a worshipper of Qazlal Stormbringer
  9021 | D:7      | Reached XP level 10. HP: 38/63 MP: 4/24
  9671 | D:7      | Reached skill level 1 in Fighting
  9714 | D:7      | Reached * piety under Qazlal
  9845 | D:7      | Reached skill level 1 in Invocations
 10051 | D:7      | Found an ornate altar of the Wu Jian Council.
 10276 | D:8      | Noticed Psyche
 10500 | D:7      | Gained mutation: You do not regenerate when monsters are
                  | visible. [potion of mutation]
 10500 | D:7      | Gained mutation: You are agile. (Dex +4, Str/Int -1)
                  | [potion of mutation]
 10500 | D:7      | Gained mutation: You are frail. (-10% HP) [potion of
                  | mutation]
 10506 | D:7      | Paralysed by Psyche for 3 turns
 10511 | D:7      | Killed Psyche
 10653 | D:8      | Noticed an orange demon
 10655 | D:8      | Noticed Amaemon
 11055 | D:8      | Killed Amaemon
 11056 | D:8      | Reached skill level 5 in Invocations
 11256 | D:8      | Killed an orange demon
 11882 | D:8      | Found a hide-covered altar of Uskayaw.
 11891 | D:8      | Found a shimmering altar of Xom.
 11991 | D:9      | Found a snail-covered altar of Cheibriados.
 12027 | D:9      | Reached XP level 11. HP: 65/66 MP: 12/25
 12244 | D:9      | Identified the +1 plate armour of Raipom {rF+ rC- SInv}
 12392 | D:9      | Reached ** piety under Qazlal
 12781 | D:9      | Found a staircase to the Orcish Mines.
 13207 | D:9      | Found a staircase to the Lair.
 13675 | D:10     | Entered Level 10 of the Dungeon
 13676 | D:10     | Noticed a deep elf pyromancer
 13807 | D:10     | Found a flagged portal.
 13812 | Bailey   | Entered a bailey
 13829 | Bailey   | Reached *** piety under Qazlal
 14185 | Bailey   | Noticed an orc knight
 14216 | Bailey   | Reached skill level 10 in Short Blades
 14376 | Bailey   | Killed an orc knight
 14506 | Bailey   | Reached skill level 9 in Air Magic
 14506 | Bailey   | Reached XP level 12. HP: 72/72 MP: 26/26
 15467 | D:10     | Found a portal to a secret trove of treasure.
 15790 | D:11     | Reached **** piety under Qazlal
 15791 | D:11     | Reached skill level 5 in Fighting
 15850 | D:11     | Found Lodweas's Antique Weapon Shop.
 16565 | D:11     | Found a blossoming altar of Fedhas.
 16801 | D:12     | Found a frozen archway.
 16833 | D:11     | Reached XP level 13. HP: 43/86 MP: 4/27
 16923 | IceCv    | Entered an ice cave
 17719 | IceCv    | Noticed an ice dragon
 18057 | IceCv    | Identified the ring of Uwaro {Fire rElec}
 18074 | IceCv    | Got the Enchiridion on Graupel
 18158 | IceCv    | Killed an ice dragon
 18179 | IceCv    | Learned a level 4 spell: Brom's Barrelling Boulder
 18380 | D:12     | Reached skill level 1 in Earth Magic
 18650 | D:12     | Got the Teachings on Frigorific Death
 18794 | D:12     | Reached skill level 1 in Evocations
 19446 | D:12     | Found a basalt altar of Yredelemnul.
 19745 | Lair:1   | Entered Level 1 of the Lair of Beasts
 20049 | Lair:1   | Noticed Fannar
 20068 | Lair:1   | Killed Fannar
 20069 | Lair:1   | Reached skill level 5 in Evocations
 21522 | Lair:2   | Found a staircase to the Swamp.
 21963 | Lair:2   | Lost mutation: You are agile. (Dex +4, Str/Int -1) [potion
                  | of mutation]
 21963 | Lair:2   | Lost mutation: You are frail. (-10% HP) [potion of
                  | mutation]
 21963 | Lair:2   | Lost mutation: You do not regenerate when monsters are
                  | visible. [potion of mutation]
 21963 | Lair:2   | Gained mutation: You are agile. (Dex +4, Str/Int -1)
                  | [potion of mutation]
 21963 | Lair:2   | Gained mutation: Potions are less effective at restoring
                  | your health. [potion of mutation]
 21963 | Lair:2   | Gained mutation: You are very agile. (Dex +8, Str/Int -2)
                  | [potion of mutation]
 22026 | Lair:2   | Reached skill level 1 in Shields
 22177 | Lair:2   | Reached XP level 14. HP: 91/108 MP: 23/28
 22346 | Lair:2   | You fall into a shaft and drop 1 floor!
 22346 | Lair:3   | Found a staircase to the Snake Pit.
 22433 | Lair:3   | Reached skill level 10 in Air Magic
 22900 | Lair:3   | Found the +8 whip "Snakebite" {venom, curare, rPois}
 23522 | Lair:4   | Reached skill level 11 in Air Magic
 23865 | Lair:3   | Learned a level 6 spell: Conjure Ball Lightning
 24224 | Lair:4   | Found a staircase to the Slime Pits.
 24228 | Lair:4   | Reached skill level 5 in Conjurations
 25806 | Lair:5   | Entered Level 5 of the Lair of Beasts
 25941 | Lair:5   | Found a runed translucent gate.
 25941 | Lair:5   | Found a runed translucent gate.
 25997 | Lair:5   | Noticed Nessos
 26008 | Lair:5   | Killed Nessos
 26058 | Lair:5   | Reached XP level 15. HP: 113/113 MP: 25/29
 26170 | Lair:5   | Reached skill level 10 in Conjurations
 26236 | Lair:5   | Reached skill level 12 in Air Magic
 26978 | Lair:5   | Found a runed translucent gate.
 26982 | Lair:5   | Noticed vurker's ghost (journeyman DjAE)
 27190 | Lair:5   | Found a sparkling altar of Nemelex Xobeh.
 27438 | Lair:5   | Reached ***** piety under Qazlal
 27619 | Lair:5   | Reached skill level 13 in Air Magic
 28314 | Lair:5   | Killed vurker's ghost
 28522 | Orc:1    | Entered Level 1 of the Orcish Mines
 28657 | Orc:2    | Entered Level 2 of the Orcish Mines
 29038 | Orc:1    | Found Kuceus's Specific Store.
 29040 | Orc:1    | Found Punuazat's General Store.
 30095 | Orc:2    | Reached skill level 14 in Air Magic
 30489 | Orc:2    | Found a staircase to the Elven Halls.
 30776 | Orc:2    | Found Hexy's Weapon Emporium.
 30778 | Orc:2    | Found Yveuropp's Weapon Boutique.
 30780 | Orc:2    | Found Asalue's Antique Weapon Shoppe.
 31629 | D:13     | Found a bloodstained altar of Trog.
 31727 | D:13     | Found a shimmering altar of Xom.
 31738 | D:13     | Found a runed translucent door.
 31798 | D:13     | Reached ****** piety under Qazlal
 31870 | D:13     | Found a shimmering altar of Xom.
 31875 | D:13     | Found a shimmering blue altar of Sif Muna.
 31912 | D:13     | Identified the ring of Polytheism {rCorr SInv}
 32003 | D:13     | Reached XP level 16. HP: 120/120 MP: 22/30
 32323 | D:13     | Found a white marble altar of Elyvilon.
 32340 | D:13     | Found a shimmering altar of Xom.
 33525 | D:14     | Reached skill level 15 in Air Magic
 33911 | D:14     | Found Xemesaerch's Assorted Antiques.
 33919 | D:14     | Bought 3 scrolls of teleportation for 333 gold pieces
 33919 | D:14     | Bought a scroll of fog for 148 gold pieces
 33919 | D:14     | Bought a potion of resistance for 370 gold pieces
 34179 | D:14     | Found a gate to the Vaults.
 34523 | D:15     | Entered Level 15 of the Dungeon
 35201 | D:15     | Found Xapn's Book Shoppe.
 35554 | D:15     | Found a staircase to the Depths.
 36563 | Swamp:1  | Entered Level 1 of the Swamp
 36570 | Swamp:1  | Reached skill level 16 in Air Magic
 36570 | Swamp:1  | Reached XP level 17. HP: 85/126 MP: 7/31
 37226 | Swamp:1  | Identified the +6 quarterstaff of Goibotai {vamp, rElec rN+
                  | MP+9 Int+3}
 39847 | Swamp:3  | Noticed Nikola
 39973 | Swamp:3  | Noticed Mara
 40050 | Swamp:2  | Learned a level 7 spell: Orb of Destruction
 40098 | Swamp:3  | Noticed Roxanne
 40278 | Swamp:3  | Killed Nikola
 40279 | Swamp:3  | Reached skill level 17 in Air Magic
 40406 | Swamp:4  | Entered Level 4 of the Swamp
 40422 | Swamp:3  | Noticed Lavandula's illusion
 40438 | Swamp:3  | Noticed Donald
 40441 | Swamp:3  | Killed Donald
 40561 | Swamp:3  | Reached skill level 15 in Conjurations
 40835 | Swamp:3  | Killed Mara
 41600 | Swamp:4  | Noticed Uwih's ghost (adept DrSh)
 41600 | Swamp:4  | Noticed a tentacled monstrosity
 41600 | Swamp:4  | Found a transporter.
 41607 | Swamp:4  | Killed a tentacled monstrosity
 41608 | Swamp:4  | Reached XP level 18. HP: 64/134 MP: 5/32
 42037 | Swamp:4  | Reached skill level 10 in Dodging
 42113 | Swamp:4  | Found a transporter.
 43042 | Swamp:4  | Reached skill level 18 in Air Magic
 43712 | Swamp:4  | Got a decaying rune of Zot
 44111 | Snake:1  | Entered Level 1 of the Snake Pit
 44111 | Snake:1  | Noticed Agnes
 44114 | Snake:1  | Killed Agnes
 44264 | Snake:1  | Found Joduyvut's Antique Armour Emporium.
 44298 | Snake:1  | Bought a pair of embroidered gloves for 187 gold pieces
 44934 | Snake:1  | Found Lipuu's Book Emporium.
 44943 | Snake:1  | Bought Cilit's Encyclopedia of Floating Places for 782 gold
                  | pieces
 44949 | Snake:1  | Learned a level 5 spell: Freezing Cloud
 45138 | Snake:1  | You fall into a shaft and drop 1 floor!
 45162 | Snake:2  | Noticed Louise
 45169 | Snake:2  | Killed Louise
 47126 | Snake:3  | Reached skill level 10 in Fighting
 47126 | Snake:3  | Reached XP level 19. HP: 131/140 MP: 14/33
 48928 | Snake:4  | Entered Level 4 of the Snake Pit
 48934 | Snake:4  | Noticed Asterion
 49134 | Snake:4  | Noticed Mlioglotl
 49261 | Snake:4  | Reached skill level 19 in Air Magic
 49737 | Snake:4  | Identified the serpent talisman of Xom's Inspiration
                  | {Dex+2}
 49737 | Snake:4  | Noticed Aizul
 49741 | Snake:4  | Killed Aizul
 49865 | Snake:4  | Killed Asterion
 49919 | Snake:4  | Killed from afar by a salamander tyrant

Illustrated notes

Levels and vault maps discovered:
D:1:      orjb1_clovarrival, layout_loops_cross, serial_shops, shop,
          nicolae_concentric_dashed_squares_mild, dk_noncrumbling_4
D:2:      layout_basic, hellmonk_ecumenical_altar_inner_sanctum
D:3:      layout_rooms, portal_sewer_entry_d, minmay_ogre_servants, uniq_robin
D:4:      layout_layer_cave, marbit_many_paths,
          mainiacjoe_overflow_catwalk_spiral, minmay_manual_mess, uniq_grinder
D:5:      layout_loops_ring, nemelex_diamond_rough_becter,
          mainiacjoe_overflow_cross_hatched, biasface_ghost_orc_armoury,
          serial_undead, serial_undead_e, serial_undead_d, serial_undead_c,
          serial_undead_d, uniq_pikel
D:6:      layout_cave_pools, minmay_temple_entry_fiery
D:7:      layout_gridville, mainiacjoe_overflow_small_starburst,
          dreamdust_wishing_well
D:8:      layout_rooms, jmf_multi_god_temple2, uniq_amaemon, uniq_psyche
D:9:      layout_gridville, nicolae_overflow_hidden_temple, lair_entry_dummy,
          david_orc_5
D:10:     layout_basic, nicolae_trove_entry_isolated, enter_bailey_3
D:11:     layout_roguey, serial_shops, nicolae_shop_trees, fedhas_altar_3
D:12:     layout_cave_pools, portal_ice_cave_entry_ice_simulacra,
          nicolae_nh_vlads_tower
D:13:     due_megacathedral, layout_basic, solitary_fountain, minivault_7
D:14:     layout_basic, lightli_vaults_fourway_checkpoint, serial_shops, shop,
          serial_bayou, serial_bayou_pond_b, serial_bayou_pond_c,
          serial_bayou_shore_a, serial_bayou_ford_a
D:15:     grunt_enter_depths_magical_seal, layout_loops_corners, serial_shops,
          shop_statue, serial_co_window_serial, co_window_corner_a,
          co_window_paths_a, co_window_corner_a, co_window_cross_1,
          co_window_paths_b, co_window_2corner, co_window_corner_ca,
          co_window_corner_cb, co_window_of_opportunity_c, co_window_4corner_a,
          glass_columns_a, glass_columns_c, glass_columns_c, glass_columns_a,
          bh_walls_and_bars
Temple:   dshaligram_water_room_temple
Lair:1:   layout_cave_pods, nicolae_quartered_pool_impasse, uniq_fannar
Lair:2:   layout_chaotic_city, mainiacjoe_swamp_entry_lozenge_pond,
          chequers_serial_rivers_room_b, dreamdust_gnoll_shepherd,
          serial_bayou_shore_b
Lair:3:   minmay_guarded_unrand_snakebite, layout_cave_shapes, dummy_snake_entry
Lair:4:   layout_cave_pods, minmay_slime_entry_oklob_open, beast_lair_carwin_10
Lair:5:   evilmike_catoblepas_cave, layout_cave_shapes,
          ebering_ghost_rock_garden, lemuel_oklob_altar, grunt_megastairs_3,
          uniq_nessos
Swamp:1:  tekkud_swamp_unearthing_site, layout_basic_swamp,
          evilmike_swamp_ruin_wall, nicolae_swamp_orc_logging_accident,
          swamp_pool_3, nicolae_swamp_dense_foliage
Swamp:2:  layout_basic_swamp, nicolae_swamp_triple_paths,
          nicolae_swamp_frolicking_bunyips, infiniplex_staircase_pool
Swamp:3:  layout_basic_swamp, hangedman_swamp_ruin_wall, swamp_pool_1_2,
          uniq_nikola, uniq_roxanne, uniq_mara, uniq_donald
Swamp:4:  swamp, layout_basic_swamp, gammafunk_ghost_mausoleum,
          cheibrodos_swamp_minitomb, nicolae_swamp_long_stream
Snake:1:  layout_rooms, serial_shops, shop_statue, drop_trap,
          minmay_shop_grid_forest, serial_library_hellmonk_semicircle,
          nicolae_coiled_stairwell_down, nicolae_triple_integral, uniq_agnes
Snake:2:  layout_misc_corridors, grunt_megastairs_4, uniq_louise
Snake:3:  layout_cave_shapes, hangedman_snake_corridor_cut
Snake:4:  grunt_snake_rune_serpentine_throne, layout_grid_shapes,
          nicolae_snake_shapes, uniq_aizul, uniq_asterion, uniq_mlioglotl
Orc:1:    layout_caves, nicolae_specific_store
Orc:2:    st_orc_rangers, layout_caves

Skill      XL: |  1  2  3  4  5  6  7  8  9 10 11 12 13 14 15 16 17 18 19 |
---------------+----------------------------------------------------------+-----
Spellcasting   | 3 4 5 6 9 10 | 10.0
Short Blades   | 2 4 5 7 10 | 10.0
Dodging        | 6 7 9 10 11 | 11.4
Fighting       | 2 7 9 10 | 10.0
Invocations    | 6 7 9 |  9.0
Air Magic      | 9 11 14 16 17 18 19 | 19.1
Conjurations   | 4 9 11 13 15 17 18 | 18.0
Earth Magic    | 2 |  2.9
Evocations     | 8 |  8.5
Shields        | 2 4 |  4.0
Stealth        | |  2.0

Action                     |  1- 3 |  4- 6 |  7- 9 | 10-12 | 13-15 | 16-18 | 19-21 || total
---------------------------+-------+-------+-------+-------+-------+-------+-------++-------
  Melee: Unarmed           |     7 |     8 |       |       |       |       |       ||    15
         Dagger            |       |    49 |    27 |   105 |   886 |   599 |    25 ||  1691
         Punch             |       |       |       |       |     2 |       |       ||     2
   Cast: Shock             |    64 |   100 |   206 |   203 |    87 |    71 |       ||   731
         Airstrike         |       |     8 |    56 |   130 |   221 |    99 |    10 ||   524
         Static Discharge  |       |       |     2 |    30 |   231 |    95 |       ||   358
         Brom's Barrelling |       |       |       |       |     2 |       |       ||     2
         Conjure Ball Ligh |       |       |       |       |     8 |   192 |    67 ||   267
         Swiftness         |       |       |       |       |     2 |     1 |     1 ||     4
         Orb of Destructio |       |       |       |       |       |     6 |       ||     6
         Freezing Cloud    |       |       |       |       |       |    11 |     1 ||    12
 Invoke: Upheaval          |       |       |       |     1 |       |       |       ||     1
         Elemental Force   |       |       |       |       |    14 |     3 |     5 ||    22
         Disaster Area     |       |       |       |       |       |     1 |     2 ||     3
  Evoke: Wand              |       |       |     5 |     9 |    20 |     2 |     9 ||    45
         Box of beasts     |       |       |       |       |     1 |     1 |     1 ||     3
         Tin of tremorston |       |       |       |       |       |     1 |       ||     1
    Use: Scroll            |       |     6 |     4 |    12 |    14 |    11 |    12 ||    59
         Potion            |       |       |       |     2 |     1 |     8 |    10 ||    21
   Stab: Sleeping          |       |     2 |     1 |       |       |       |       ||     3
         Paralysed         |       |       |       |       |     6 |       |       ||     6
         Distracted        |       |       |       |       |     3 |     1 |       ||     4
         Petrified         |       |       |       |       |       |     4 |       ||     4
         Invisible         |       |       |       |       |       |       |     1 ||     1
 Armour: Robe              |    18 |    40 |    87 |   128 |   591 |   753 |   202 ||  1819
  Dodge: Dodged            |    24 |    47 |    63 |   137 |   563 |   459 |   145 ||  1438
         Repelled          |       |       |       |       |     8 |    16 |    12 ||    36
  Block: Other             |       |       |       |    16 |    21 |       |       ||    37
         Buckler           |       |       |       |       |   652 |   602 |   133 ||  1387

Table legend: (Time is in decaauts)
 A = Elapsed time spent in this place.
 B = Non-inter-level travel time spent in this place.
 C = Inter-level travel time spent in this place.
 D = Time resting spent in this place.
 E = Time spent auto-exploring this place.
 F = Levels seen in this place.
 G = Mean time per level.
                   A        B        C        D        E       F      G
               +--------+--------+--------+--------+--------+-----+--------+
         Total |  49714 |  47027 |   2687 |  11493 |  27759 |  34 | 1462.2 |
       Dungeon |  22516 |  21003 |   1513 |   2603 |  14844 |  15 | 1501.1 |
        Temple |     26 |      2 |     24 |      0 |      0 |   1 |   26.0 |
          Lair |   9386 |   9026 |    360 |   1697 |   6154 |   5 | 1877.2 |
         Swamp |   7332 |   6918 |    414 |   2944 |   2993 |   4 | 1833.0 |
     Snake Pit |   5421 |   5223 |    198 |   2624 |   1579 |   4 | 1355.2 |
  Orcish Mines |   2369 |   2193 |    176 |    684 |   1112 |   2 | 1184.5 |
         Sewer |    338 |    338 |      0 |      4 |    239 |   1 |  338.0 |
        Bailey |    890 |    890 |      0 |    330 |    389 |   1 |  890.0 |
      Ice Cave |   1431 |   1431 |      0 |    607 |    448 |   1 | 1431.0 |
               +--------+--------+--------+--------+--------+-----+--------+

Top non-repeatable levels by time:
 Snake:2: 2637 daAuts
 Swamp:3: 2547 daAuts
  Lair:5: 2441 daAuts
  Lair:4: 2170 daAuts
  Lair:2: 2024 daAuts
     D:9: 2013 daAuts
     D:7: 1984 daAuts
     D:4: 1920 daAuts
 Swamp:1: 1879 daAuts
    D:15: 1811 daAuts
     D:5: 1769 daAuts
    D:13: 1736 daAuts
 Snake:3: 1729 daAuts
 Swamp:2: 1601 daAuts
  Lair:1: 1546 daAuts
